 Dungeon Crawl Stone Soup version 0.31-a0-920-g28cbb04a8c (webtiles) character file.

Game seed: 14957749271112026090

67793 TheGamechu the Severer (level 15, -59/141 HPs)
             Began as a Hill Orc Fighter on Oct 16, 2023.
             Was a High Priest of Beogh.
             Annihilated by an enormous slime creature (67 damage)
             ... on level 11 of the Dungeon on Oct 17, 2023.
             The game lasted 01:25:54 (18836 turns).

TheGamechu the Severer (Hill Orc Fighter)          Turns: 18836, Time: 01:25:54

Health: -59/141    AC: 27    Str: 27    XL:     15   Next: 24%
Magic:  10/10      EV:  7    Int:  8    God:    Beogh [*****.]
Gold:   1071       SH: 12    Dex: 16    Spells: 14/14 levels left

rFire   + . .        O - +3 war axe
rCold   + + +        N - +0 kite shield
rNeg    . . .        a - +4 plate armour {rF+}
rPois   +            u - +0 helmet
rElec   +            T - +0 cloak
rCorr   .            c - +0 pair of gloves
SInv    .            g - +1 pair of boots
Will    +....        q - amulet of regeneration Stlth
                     D - ring of Luilyx {Contam rElec rPois Slay+3}
HPRegen 1.23/turn    E - ring "Remaret" {Fly rPois rC+++ MP-9 Dex+6}
MPRegen 0.12/turn

%: no passive effects
@: flying, hasted, studying Shields, very quick
A: walk on water
a: Renounce Religion, Smiting, Recall Orcish Followers, Give Item to Named
Follower


You were on level 11 of the Dungeon.
You worshipped Beogh.
Beogh was extremely pleased with you.
You visited 2 branches of the dungeon, and saw 17 of its levels.
You also visited: Sewer, Ossuary and Volcano.

You collected 1311 gold pieces.
You spent 240 gold pieces at shops.

Inventory:

Hand Weapons
 t - the +8 longbow "Zephyr" {speed, Dex+3 SInv}
   (You found it on level 11 of the Dungeon)

   Dex+3:     It affects your dexterity (+3).
   SInv:      It lets you see invisible.
 G - a +1 battleaxe of flaming
 O - a +3 war axe (weapon)
 V - a +1 demon blade of draining
Missiles
 f - 184 stones
 k - 6 atropa-tipped darts
 y - 30 poisoned darts
 z - 5 darts of dispersal
 K - a throwing net
 P - 5 curare-tipped darts
 Y - 4 boomerangs (quivered)
Armour
 a - a +4 plate armour of fire resistance (worn)
 c - a +0 pair of gloves (worn)
 g - a +1 pair of boots (worn)
 j - a scarf of invisibility
 u - a +0 helmet (worn)
 N - a +0 kite shield (worn)
 T - a +0 cloak (worn)
Jewellery
 n - a ring of willpower
 q - an amulet of regeneration (around neck)
 C - the ring "Vonimuv" {Ice rCorr Str+3}
   (You found it on level 9 of the Dungeon)

   [ring of ice]

   Ice:       It enhances your ice magic.
   Str+3:     It affects your strength (+3).
   rF-:       It makes you vulnerable to fire.
   rC+:       It protects you from cold.
   rCorr:     It protects you from acid and corrosion.
 D - the ring of Luilyx (left hand) {Contam rElec rPois Slay+3}
   (You found it on level 9 of the Dungeon)

   [ring of poison resistance]

   Slay+3:    It affects your accuracy & damage with ranged weapons and melee
   (+3).
   rElec:     It insulates you from electricity.
   rPois:     It protects you from poison Contam: It causes magical
   contamination when unequipped.
 E - the ring "Remaret" (right hand) {Fly rPois rC+++ MP-9 Dex+6}
   (You found it on level 9 of the Dungeon)

   [ring of dexterity]

   Dex+6:     It affects your dexterity (+6).
   rC+++:     It renders you almost immune to cold.
   rPois:     It protects you from poison MP-9: It affects your magic capacity
   (-9).
   Fly:       It grants you flight.
Wands
 b - a wand of quicksilver (18)
 s - a wand of flame (31)
 I - a wand of polymorph (7)
 J - a wand of paralysis (12)
 Q - a wand of mindburst (5)
 R - a wand of digging (9)
Scrolls
 p - a scroll of identify
 v - a scroll of enchant weapon
 x - 6 scrolls of teleportation
 H - 2 scrolls of fear
 M - 3 scrolls of fog
 U - 2 scrolls of revelation
Potions
 d - 3 potions of might
 e - 4 potions of haste
 h - 8 potions of curing
 i - a potion of berserk rage
 l - a potion of resistance
 m - 3 potions of heal wounds
 o - 2 potions of mutation
 r - 9 potions of enlightenment
 w - 2 potions of invisibility
 B - a potion of brilliance
 F - a potion of lignification {unknown}
 L - 2 potions of cancellation
 S - a potion of magic {unknown}
 X - 9 potions of ambrosia
Miscellaneous
 A - a phial of floods


   Skills:
 + Level 15.1 Fighting
 + Level 16.2 Axes
 + Level 11.4 Throwing
 + Level 13.9 Armour
 - Level 12.2 Shields
 - Level 6.0 Invocations
 - Level 5.1 Evocations


You had 14 spell levels left.
You didn't know any spells.
Your spell library contained the following spells:

 Spells                   Type           Power      Damage    Failure   Level
 Kiss of Death            Conj/Necr      0%         2d5       99%         1
 Sandblast                Erth           0%         2d4       99%         1
 Cigotuvi's Dreadful Rot  Necr/Pois/Air  0%         N/A       100%        2
 Confusing Touch          Hex            0%         N/A       100%        3
 Dazzling Flash           Conj/Hex       0%         N/A       100%        3
 Frozen Ramparts          Ice            0%         1d1       100%        3
 Ignite Poison            Fire/Tmut/Pois 0%         N/A       100%        3
 Ozocubu's Armour         Ice            0%         N/A       100%        3
 Tukima's Dance           Hex            0%         N/A       100%        3
 Volatile Blastmotes      Fire/Tloc      0%         2d10      100%        3
 Anguish                  Hex/Necr       0%         N/A       100%        4
 Cause Fear               Hex            0%         N/A       100%        4
 Dispel Undead            Necr           0%         3d6       100%        4
 Leda's Liquefaction      Hex/Erth       0%         N/A       100%        4
 Passage of Golubria      Tloc           0%         N/A       100%        4
 Petrify                  Tmut/Erth      0%         N/A       100%        4
 Agony                    Necr           0%         N/A       100%        5
 Freezing Cloud           Conj/Ice/Air   0%         6-21      100%        5
 Metabolic Englaciation   Hex/Ice        0%         N/A       100%        5
 Silence                  Hex/Air        0%         N/A       100%        5
 Yara's Violent Unravell  Hex/Tmut       0%         3d3       100%        5
 Simulacrum               Ice/Necr       0%         N/A       100%        6
 Starburst                Conj/Fire      0%         6d3       100%        6
 Enfeeble                 Hex            0%         N/A       100%        7
 Ozocubu's Refrigeration  Ice            0%         4d7       100%        7
 Maxwell's Capacitive Co  Air            0%         ∞         100%        8
 Fire Storm               Conj/Fire      0%         5d1       100%        9


Dungeon Overview and Level Annotations

Branches:
Dungeon (12/15)            Temple (0/1) D:4            Lair (5/5) D:10
 Shoals (0/4) Lair:2       Spider (0/4) Lair:2        Slime (0/5) Lair:4
  Sewer (visited)         Ossuary (visited)         Volcano (visited)
    Orc: D:9-12

Altars:
Cheibriados
Fedhas
Hepliaklqana
Kikubaaqudgha
Nemelex Xobeh
Okawaru
Wu Jian
Yredelemnul
The Shining One
Jiyva

Shops:
D:11 (!

Annotations:
D:7 1 exclusion
D:12 Josephine, Maurice
Lair:4 exclusion: 3 oklob plants


Message History

You throw a boomerang.
The boomerang barely misses the slime creature.
The boomerang hits the large slime creature!!
The large slime creature is moderately wounded.
You slash the slime creature!
The slime creature is moderately wounded.
The slime creature barely misses you.
A large slime creature splits.
You slice the slime creature!!
The slime creature is severely wounded.
You block the slime creature's attack.
Two slime creatures merge to form a large slime creature.
You block the large slime creature's attack.
Two slime creatures merge to form a very large slime creature.
A large slime creature splits.
You throw a boomerang. The boomerang hits the slime creature!
The slime creature is severely wounded.
The slime creature hits you.
You slash the slime creature!
The slime creature is almost dead.
You block the slime creature's attack.
Two slime creatures merge to form a very large slime creature.
You slice the very large slime creature!!
The very large slime creature is heavily wounded.
You hit the very large slime creature.
The very large slime creature is heavily wounded.
Two slime creatures merge to form an enormous slime creature.
You slice the enormous slime creature!!
The enormous slime creature is heavily wounded.
The enormous slime creature attacks as it pursues you!
The enormous slime creature closely misses you.
The enormous slime creature attacks as it pursues you!
The enormous slime creature hits you!!!
Unknown command.
Okay, then.
Okay, then.
You feel yourself speed up. The enormous slime creature hits you!!!
* * * LOW HITPOINT WARNING * * *
The enormous slime creature attacks as it pursues you!
The enormous slime creature hits you!!!
You die...

#### #.......# ...### #.......#
### .#...#######.......# #..
.......##.........## #..
#####......######.### #..
#.#.##.# #...# #.. ##..)...####
###.# ######
#....##....#####.########.J...
####.######.#...@J.J......#..#...
#.##.######...######..###.#.##...
#.........###......##.# #^.......
####.####.Y..(.....##.#####..#...
#....# #############.##....##...
#)#### #.).....#.... #.)).##
#.)........∩# #.##<.#
###)#..####.### #.###)#
####.....## ##.#


You could see an enormous slime creature and a slime creature.

Vanquished Creatures
  Snorg (Lair:3)
  Erolcha (D:9)
  A catoblepas (Lair:5)
  3 hydras
  Erica (D:8)
  A centaur warrior (D:9)
  7 two-headed ogres
  An ogre mage (D:11)
  8 death yaks
  A hell knight (Volcano)
  3 skysharks
  A skeletal warrior (D:9)
  A salamander mystic (Volcano)
  A lindwurm (Lair:4)
  Pikel (D:8)
  2 manticores
  4 salamanders (Volcano)
  2 oklob plants (Lair:4)
  2 cyclopes
  3 black mambas
  A merfolk siren (Lair:2)
  A torpor snail (Lair:5)
  2 gargoyles
  11 elephants
  19 cane toads
  3 unseen horrors (D:11)
  An efreet (D:9)
  8 komodo dragons
  A rime drake (Lair:5)
  A guardian mummy (D:11)
  4 trolls
  A polar bear (Lair:3)
  3 tyrant leeches (Lair:5)
  Grinder (D:3)
  A queen bee (Lair:3)
  A tarantella (D:11)
  21 blink frogs
  A hornet (D:8)
  Sigmund (D:2)
  5 slime creatures (D:10)
  2 shadows
  3 vampires (D:9)
  2 wyverns
  28 yaks
  2 wraiths
  5 basilisks
  An unseen horror simulacrum (D:9)
  4 redbacks (D:11)
  7 vampire mosquitoes
  3 acid dragons
  11 water moccasins
  2 black bears (D:5)
  5 ice beasts
  2 orc warriors
  A sky beast (D:7)
  8 wolves
  3 ogres
  9 centaurs
  A lemure (D:8)
  2 kobold brigands
  An elf zombie (Ossuary)
  19 bullfrogs
  5 scorpions
  2 gnoll sergeants (D:7)
  A water moccasin zombie (D:6)
  A wyvern zombie (D:6)
  24 wights
  34 killer bees
  2 bullfrog zombies (D:6)
  6 electric eels
  7 howler monkeys
  7 crimson imps (D:8)
  6 hounds
  3 human zombies
  3 orc priests
  A gnoll bouda (D:7)
  4 jellies
  2 sleepcaps
  Jessica (D:3)
  2 iguanas
  4 orc wizards
  6 mummies
  10 gnolls
  A river rat (D:5)
  8 adders
  3 white imps
  5 ufetubi (D:7)
  An adder zombie (Ossuary)
  3 worms
  4 dart slugs
  18 orcs
  6 endoplasms
  6 giant cockroaches
  5 goblins
  8 hobgoblins
  13 jackals
  A quokka (D:1)
  5 ball pythons
  4 bats
  A frilled lizard (D:2)
  3 goblin zombies (Ossuary)
  9 hobgoblin zombies (Ossuary)
  A jackal zombie (Ossuary)
  26 kobolds
  7 kobold zombies
  An orc skeleton (D:12)
  13 orc zombies
  5 rats
  2 rat zombies (Ossuary)
543 creatures vanquished.

Vanquished Creatures (collateral kills)
  A hydra (Lair:3)
  3 two-headed ogres (D:11)
  2 death yaks (Lair:2)
  6 elephants
  A black mamba (Lair:4)
  A gargoyle (D:11)
  A rime drake (Lair:2)
  A guardian mummy (D:12)
  10 blink frogs
  A wraith (D:11)
  A wyvern (D:7)
  3 basilisks
  A vampire mosquito (D:11)
  A water moccasin (Lair:4)
  An acid dragon (D:7)
  A bullfrog (Lair:3)
  3 scorpions
  An electric eel (Lair:1)
  A hound (D:7)
  An orc (D:7)
41 creatures vanquished.

Vanquished Creatures (others)
  2 orc knights
  4 orc warriors
  An orc wizard (Lair:4)
  2 orc priests
  A human (D:4)
  6 orcs
16 creatures vanquished.

Grand Total: 600 creatures vanquished

Notes
Turn   | Place    | Note
-------+----------+-------------------------------------------
     0 | D:1      | TheGamechu the Hill Orc Fighter began the quest for the
                  | Orb.
     0 | D:1      | Reached XP level 1. HP: 19/19 MP: 1/1
     6 | D:1      | Noticed a wyvern
     6 | D:1      | Noticed an anaconda
     6 | D:1      | Noticed a hound
     7 | D:1      | Noticed a polar bear
     7 | D:1      | Noticed a redback
   224 | D:1      | Reached XP level 2. HP: 27/27 MP: 2/2
   231 | D:1      | Reached skill level 3 in Axes
   525 | D:1      | Reached XP level 3. HP: 33/33 MP: 3/3
  1113 | D:2      | Noticed Sigmund
  1143 | D:2      | Killed Sigmund
  1144 | D:2      | Reached skill level 4 in Axes
  1144 | D:2      | Reached skill level 1 in Throwing
  1144 | D:2      | Reached XP level 4. HP: 28/41 MP: 4/4
  1144 | D:2      | Reached XP level 5. HP: 32/47 MP: 5/5
  1288 | D:2      | Reached XP level 6. HP: 55/55 MP: 6/6
  1288 | D:2      | Found a faded altar of an unknown god.
  1475 | D:2      | Reached skill level 5 in Fighting
  1846 | D:3      | Noticed Grinder
  2072 | D:3      | Identified the +2 robe of Romil {Drain rElec rPois Int-5}
  2144 | D:3      | Noticed Jessica
  2148 | D:3      | Killed Jessica
  2348 | D:3      | Paralysed by Grinder for 5 turns
  2353 | D:3      | Killed Grinder
  2354 | D:3      | Reached skill level 5 in Axes
  2354 | D:3      | Reached skill level 5 in Armour
  2354 | D:3      | Reached XP level 7. HP: 45/61 MP: 7/7
  2794 | D:4      | Reached skill level 6 in Axes
  2848 | D:4      | Found a staircase to the Ecumenical Temple.
  2929 | D:4      | Found a sand-covered staircase.
  2944 | Ossuary  | Entered an ossuary
  3115 | Ossuary  | Reached XP level 8. HP: 70/70 MP: 8/8
  3465 | D:4      | Became a worshipper of Beogh the Brigand
  3644 | D:4      | Found an ancient bone altar of Kikubaaqudgha.
  3733 | D:5      | Entered Level 5 of the Dungeon
  3759 | D:5      | Found a snail-covered altar of Cheibriados.
  3830 | D:5      | Reached skill level 1 in Invocations
  3847 | D:5      | Reached skill level 7 in Axes
  4032 | D:5      | Found a glowing drain.
  4048 | Sewer    | Entered a sewer
  4103 | Sewer    | Reached * piety under Beogh
  4382 | D:5      | Reached XP level 9. HP: 14/79 MP: 11/11
  4819 | D:5      | Identified the +4 mace of an ossuary {flame, MP+9 SInv}
  5112 | D:6      | Reached skill level 8 in Axes
  5383 | D:6      | Reached skill level 5 in Throwing
  5409 | D:6      | Reached ** piety under Beogh
  5418 | D:6      | Found an iron altar of Okawaru.
  5661 | D:6      | Found a glowing golden altar of the Shining One.
  5730 | D:6      | Found a basalt altar of Yredelemnul.
  5816 | D:6      | Reached skill level 5 in Invocations
  6242 | D:7      | Reached XP level 10. HP: 90/90 MP: 14/14
  6247 | D:7      | Reached skill level 9 in Axes
  6558 | D:7      | Reached *** piety under Beogh
  6770 | D:7      | Found a hazy altar of Hepliaklqana.
  7079 | D:7      | Reached skill level 10 in Axes
  7909 | D:8      | Noticed Pikel
  7919 | D:8      | Killed Pikel
  7920 | D:8      | Reached skill level 1 in Evocations
  8037 | D:8      | Reached **** piety under Beogh
  8037 | D:8      | Noticed Erica
  8040 | D:8      | Reached skill level 10 in Fighting
  8040 | D:8      | Reached XP level 11. HP: 99/99 MP: 15/15
  8044 | D:8      | Killed Erica
  8336 | D:9      | Identified the of Nass
  8352 | D:9      | Noticed Erolcha
  8361 | D:9      | Paralysed by a hornet for 1 turns
  8365 | D:9      | Paralysed by a hornet for 1 turns
  8409 | D:9      | Killed Erolcha
  8486 | D:8      | Reached skill level 11 in Axes
  8874 | D:9      | Noticed a cyclops
  8982 | D:9      | Found a sparkling altar of Nemelex Xobeh.
  9102 | D:9      | Noticed a centaur warrior
  9119 | D:9      | Killed a centaur warrior
  9206 | D:9      | Noticed a skeletal warrior
  9217 | D:9      | Noticed a manticore
  9230 | D:9      | Killed a manticore
  9247 | D:9      | Reached skill level 10 in Armour
  9256 | D:9      | Killed a skeletal warrior
  9344 | D:9      | Identified the ring "Vonimuv" {Ice rCorr Str+3}
  9347 | D:9      | Identified the ring of Luilyx {Contam rElec rPois Slay+3}
  9356 | D:9      | Identified the ring "Remaret" {Fly rPois rC+++ MP-9 Dex+6}
  9359 | D:9      | Identified the amulet of Salvation {Spirit Str+5}
  9444 | D:9      | Killed a cyclops
  9727 | D:9      | Reached XP level 12. HP: 110/110 MP: 9/16
  9844 | D:10     | Entered Level 10 of the Dungeon
  9969 | D:10     | Found an ornate altar of the Wu Jian Council.
 10143 | D:10     | Reached skill level 12 in Axes
 10277 | D:10     | Reached skill level 5 in Evocations
 10415 | D:10     | Identified a scroll of acquirement
 10418 | D:10     | Acquired a manual of Shields
 10709 | D:10     | Found a staircase to the Lair.
 10784 | D:11     | Noticed an ogre mage
 10786 | D:11     | Noticed a two-headed ogre
 10790 | D:11     | Noticed a two-headed ogre
 10799 | D:11     | Paralysed by something for 4 turns
 10823 | D:11     | Killed an ogre mage
 10834 | D:10     | Killed a two-headed ogre
 10835 | D:10     | Reached skill level 5 in Shields
 10865 | D:11     | Noticed a two-headed ogre
 10876 | D:10     | Killed a two-headed ogre
 10890 | D:11     | Noticed a two-headed ogre
 10894 | D:11     | Killed a two-headed ogre
 10936 | D:11     | Killed a two-headed ogre
 10983 | D:11     | Noticed a two-headed ogre
 11019 | D:10     | Killed a two-headed ogre
 11258 | D:11     | Found Kafustra's Antique Weapon Boutique.
 11277 | D:11     | Reached skill level 13 in Axes
 11386 | D:11     | Found Xocryhya's Distillery.
 11389 | D:11     | Bought 2 potions of heal wounds for 120 gold pieces
 11389 | D:11     | Bought a potion of heal wounds for 60 gold pieces
 11389 | D:11     | Bought a potion of heal wounds for 60 gold pieces
 11423 | D:11     | Noticed a two-headed ogre
 11485 | D:11     | Reached XP level 13. HP: 112/119 MP: 8/17
 11741 | D:11     | Gained Learuk as an ally
 11750 | D:11     | Found the +8 longbow "Zephyr" {speed, Dex+3 SInv}
 12132 | Lair:1   | Entered Level 1 of the Lair of Beasts
 12238 | Lair:1   | Found a dark tunnel.
 12248 | Volcano  | Entered a volcano
 12784 | Lair:1   | Upgraded the game from 0.31-a0-889-g1a8549509d to
                  | 0.31-a0-920-g28cbb04a8c
 12809 | Lair:1   | Reached skill level 14 in Axes
 13580 | Lair:2   | Reached skill level 10 in Shields
 13606 | Lair:2   | Found a staircase to the Shoals.
 13657 | Lair:2   | Found a hole to the Spider Nest.
 13831 | Lair:2   | Reached skill level 10 in Throwing
 13870 | Lair:2   | Your ally Learuk died
 13948 | Lair:2   | Reached XP level 14. HP: 110/129 MP: 9/18
 14634 | Lair:3   | Reached ***** piety under Beogh
 15041 | Lair:3   | Noticed Snorg
 15061 | Lair:3   | Reached skill level 15 in Axes
 15067 | Lair:3   | Killed Snorg
 15179 | Lair:3   | Gained Ugbert as an ally
 15182 | Lair:3   | Gained Wargath as an ally
 15708 | Lair:4   | Found a staircase to the Slime Pits.
 15708 | Lair:4   | Found a viscous altar of Jiyva.
 15889 | Lair:4   | Gained Zorug as an ally
 16132 | Lair:4   | Your ally Zorug died
 16148 | Lair:4   | Your ally Ugbert died
 16162 | Lair:4   | Your ally Wargath died
 16593 | Lair:4   | Found a blossoming altar of Fedhas.
 16973 | Lair:5   | Identified the "Unwacath"
 16973 | Lair:5   | Entered Level 5 of the Lair of Beasts
 17486 | Lair:5   | Reached XP level 15. HP: 139/139 MP: 10/19
 17678 | Lair:5   | Reached skill level 16 in Axes
 17774 | Lair:5   | Reached skill level 15 in Fighting
 17845 | Lair:5   | Found an ornate altar of the Wu Jian Council.
 18626 | D:12     | Noticed Maurice
 18677 | D:12     | Noticed Josephine
 18835 | D:11     | HP: 7/141 [enormous slime creature (66)]
 18836 | D:11     | Annihilated by an enormous slime creature

Illustrated notes

Levels and vault maps discovered:
D:1:      onia_arrival_zoo_common, layout_loops_cross
D:2:      layout_basic, hellmonk_ecumenical_altar_arch_garden, uniq_sigmund
D:3:      layout_loops_ring, uniq_grinder, uniq_jessica
D:4:      layout_basic, tgw_kikubaaqudgha, minmay_temple_entry_ruins,
          enter_ossuary_3, st_stairs_4
D:5:      layout_gridville, slow_altar_1, gup_sewer_entry_bubbles,
          kennysheep_decorative_pillar
D:6:      layout_loops_ring, okawaru_altar_gauntlet_db,
          lemuel_mausoleum_altar_yredelemnul, mainiacjoe_overflow_boulevard
D:7:      nzn_winding_woodlands_stair_cross [nzn_winding_woodlands_5x15_garden,
          nzn_winding_woodlands_center_diamonds,
          nzn_winding_woodlands_5x15_split_checker,
          nzn_winding_woodlands_5x5_open_star, nzn_winding_woodlands_hourglass,
          nzn_winding_woodlands_5x15_pathside_ponds,
          nzn_winding_woodlands_center_triple_pond,
          nzn_winding_woodlands_5x15_zeroes], layout_basic,
          mainiacjoe_overflow_cross_hatched, nrook_mini_vaults,
          kennysheep_cross_room, grunt_decor_fettered
D:8:      layout_rooms, minmay_nine_imps, uniq_pikel, uniq_erica
D:9:      minmay_the_grid_triangle_9x9_rhombus_thin_mashed
          [minmay_the_grid_triangle_9x9_corruption,
          minmay_the_grid_triangle_9x9_prize_special,
          minmay_the_grid_triangle_9x9_semitri,
          minmay_the_grid_triangle_9x9_steps], layout_grid_maze,
          mainiacjoe_overflow_catwalk, uniq_erolcha
D:10:     layout_irregular_city, general_overflow_altar, lair_entry_dummy,
          water_maze_lemuel
D:11:     minmay_clustersquares, layout_rooms, serial_shops, shop,
          kennysheep_mini
D:12:     layout_irregular_city, zombieorc2_lemuel,
          minmay_guarded_unrand_curses, uniq_maurice, uniq_josephine
Lair:1:   layout_chaotic_city, enter_volcano_1, disabler_island
Lair:2:   layout_loops_ring, minmay_shoals_entry_lonely_mermaid,
          spider_nest_entry_web_field
Lair:3:   layout_roguey [special_room_bee], uniq_snorg
Lair:4:   layout_roguey, minmay_slime_entry_oklob_open, minivault_23,
          hangedman_tree_tricks, nicolae_quartered_pool_impasse,
          serial_bayou_shore_b
Lair:5:   minmay_lair_end_frog_pond, layout_hall_layers, basic_altar,
          grunt_megastairs_2, infiniplex_staircase_pool

Skill      XL: |  1  2  3  4  5  6  7  8  9 10 11 12 13 14 15 |
---------------+----------------------------------------------+-----
Axes           | 3 4 5 6 7 8 10 11 13 14 15 16 | 16.2
Fighting       | 4 5 6 7 8 10 11 12 13 14 15 | 15.1
Throwing       | 1 2 3 4 5 6 8 9 10 11 | 11.4
Armour         | 4 5 6 7 9 10 11 12 13 | 13.9
Shields        | 4 7 10 12 | 12.2
Invocations    | 3 5 6 |  6.0
Evocations     | 1 4 5 |  5.1

Action                     |  1- 3 |  4- 6 |  7- 9 | 10-12 | 13-15 || total
---------------------------+-------+-------+-------+-------+-------++-------
  Melee: War axe           |   100 |    80 |   403 |   339 |   814 ||  1736
         Battleaxe         |       |       |    42 |   112 |    33 ||   187
  Throw: Dart              |       |       |     1 |     6 |    11 ||    18
         Stone             |       |       |       |     8 |       ||     8
         Boomerang         |       |       |       |       |     9 ||     9
 Invoke: Convert to Beogh  |       |       |     1 |       |       ||     1
         Smiting           |       |       |       |    12 |     8 ||    20
         Recall Orcish Fol |       |       |       |       |     3 ||     3
         Give Item to Name |       |       |       |       |     1 ||     1
  Evoke: Wand              |       |     2 |    12 |    30 |     6 ||    50
    Use: Scroll            |       |     3 |     8 |    11 |     8 ||    30
         Potion            |       |       |       |     3 |     6 ||     9
   Stab: Distracted        |       |       |       |       |     3 ||     3
         Confused          |       |       |       |       |     1 ||     1
         Petrified         |       |       |       |       |     7 ||     7
         Petrifying        |       |       |       |       |     1 ||     1
 Armour: Scale mail        |    57 |    46 |   209 |       |       ||   312
         Chain mail        |       |       |   163 |   338 |       ||   501
         Plate armour      |       |       |       |   253 |   882 ||  1135
  Dodge: Dodged            |    54 |    41 |   201 |   195 |   233 ||   724
  Block: Buckler           |    29 |     9 |   103 |       |       ||   141
         Kite shield       |       |       |       |   185 |   478 ||   663

Table legend: (Time is in decaauts)
 A = Elapsed time spent in this place.
 B = Non-inter-level travel time spent in this place.
 C = Inter-level travel time spent in this place.
 D = Time resting spent in this place.
 E = Time spent auto-exploring this place.
 F = Levels seen in this place.
 G = Mean time per level.
                   A        B        C        D        E       F      G
               +--------+--------+--------+--------+--------+-----+--------+
         Total |  18941 |  17723 |   1218 |   1725 |   7962 |  20 |  947.0 |
       Dungeon |  12118 |  11240 |    878 |    940 |   5569 |  12 | 1009.8 |
          Lair |   5733 |   5393 |    340 |    605 |   2220 |   5 | 1146.6 |
         Sewer |    201 |    201 |      0 |     24 |     51 |   1 |  201.0 |
       Ossuary |    358 |    358 |      0 |      0 |     17 |   1 |  358.0 |
       Volcano |    529 |    529 |      0 |    156 |    105 |   1 |  529.0 |
               +--------+--------+--------+--------+--------+-----+--------+

Top non-repeatable levels by time:
     D:7: 1731 daAuts
  Lair:4: 1565 daAuts
     D:9: 1425 daAuts
    D:11: 1370 daAuts
     D:5: 1237 daAuts
  Lair:5: 1138 daAuts
    D:10: 1105 daAuts
  Lair:3: 1082 daAuts
  Lair:2: 1037 daAuts
     D:6: 997 daAuts
     D:2: 929 daAuts
  Lair:1: 909 daAuts
     D:4: 867 daAuts
     D:1: 858 daAuts
     D:3: 815 daAuts
